 Dungeon Crawl Stone Soup version 0.30.1-11-g7821555f0a (webtiles) character file.

Game seed: 2596907359009319766

92 FakeRyeBread the Conjurer (level 4, -1/24 HPs)
             Began as a Gargoyle Fire Elementalist on Dec 4, 2023.
             Slain by a gnoll
             ... wielding a +0 halberd
              (12 damage)
             ... on level 2 of the Dungeon.
             The game lasted 00:06:57 (1886 turns).

FakeRyeBread the Conjurer (GrFE)                    Turns: 1886, Time: 00:06:57

Health: -1/24      AC:  6    Str: 12    XL:     4   Next: 60%
Magic:  2/7        EV: 11    Int: 17    God:
Gold:   55         SH:  0    Dex: 10    Spells: 4/7 levels left

rFire   + . .        i - +0 dagger
rCold   . . .        (no shield)
rNeg    + . .        a - +0 robe
rPois   ∞            d - +0 helmet
rElec   +            (no cloak)
rCorr   .            (no gloves)
SInv    .            (no boots)
Will    .....        (no amulet)
Stlth   ++           g - ring of protection from fire
HPRegen 0.24/turn    (no ring)
MPRegen 0.10/turn

%: no passive effects
@: no status effects
A: sickness immunity, AC +3, negative energy resistance 1, electricity
resistance, torment resistance 1, petrification resistance
a: no special abilities


You were on level 2 of the Dungeon.
You visited 1 branch of the dungeon, and saw 2 of its levels.

You collected 55 gold pieces.

Inventory:

Hand Weapons
 i - a +0 dagger (weapon)
Armour
 a - a +0 robe (worn)
 d - a +0 helmet (worn)
Jewellery
 g - a ring of protection from fire (left hand)
Scrolls
 f - 2 scrolls of teleportation {unknown}
 h - 2 scrolls of identify {unknown}
 j - a scroll of blinking {unknown}
 k - a scroll of magic mapping {unknown}
 l - 4 scrolls of vulnerability {unknown}
 n - a scroll of fog {unknown}
Potions
 b - a potion of magic
 c - a potion of lignification
 e - a potion of heal wounds {unknown}
 m - a potion of invisibility {unknown}


   Skills:
 - Level 1.5 Dodging
 - Level 2.1 Stealth
 - Level 2.0 Spellcasting
 * Level 4.6 Conjurations
 + Level 3.0 Fire Magic


You had 4 spell levels left.
You knew the following spells:

 Your Spells              Type           Power      Damage    Failure   Level
a - Foxfire               Conj/Fire      56%        2x1d6     4%          1
b - Scorch                Fire           24%        2d6       9%          2

Your spell library contained the following spells:

 Spells                   Type           Power      Damage    Failure   Level
 Magic Dart               Conj           68%        1d6       2%          1
 Searing Ray              Conj           34%        2d5       4%          2
 Stone Arrow              Conj/Erth      18%        3d8       22%         3
 Lesser Beckoning         Tloc           2%         N/A       28%         2
 Inner Flame              Hex/Fire       6%         N/A       30%         3
 Volatile Blastmotes      Fire/Tloc      12%        2d11      30%         3
 Flame Wave               Conj/Fire      14%        2d6       36%         4
 Sticky Flame             Conj/Fire      14%        2d4       36%         4
 Call Canine Familiar     Summ           1%         N/A       50%         3
 Gell's Gravitas          Tloc           1%         N/A       50%         3
 Portal Projectile        Hex/Tloc       2%         N/A       50%         3
 Summon Guardian Golem    Hex/Summ       1%         N/A       50%         3
 Teleport Other           Tloc           1%         N/A       50%         3
 Fulminant Prism          Conj/Hex       4%         3d5       58%         4
 Anguish                  Hex/Necr       0%         N/A       88%         4
 Animate Armour           Summ/Erth      2%         N/A       88%         4
 Cause Fear               Hex            0%         N/A       88%         4
 Leda's Liquefaction      Hex/Erth       0%         N/A       88%         4
 Enfeeble                 Hex            0%         N/A       100%        7
 Orb of Destruction       Conj           8%         9d6       100%        7
 Spellforged Servitor     Conj/Summ      4%         N/A       100%        7
 Lehudib's Crystal Spear  Conj/Erth      4%         10d3      100%        8


Dungeon Overview and Level Annotations

Branches:
Dungeon (2/15)

Altars:


Innate Abilities, Weirdness & Mutations

You are immune to sickness and miasma.
Your stone body is resilient. (AC +3)
You are immune to poison.
You resist negative energy. (rN+)
You are resistant to electric shocks. (rElec)
You are resistant to unholy torment.
You are immune to petrification.


Message History

The gnoll is almost dead.
The gnoll's fire resistance burns away.
You hear a shout!
You hit the gnoll but do no damage.
The gnoll is almost dead.
The gnoll closely misses you.
You closely miss the gnoll.
The gnoll is almost dead.
The gnoll hits you with a +0 flail!
You hit the gnoll but do no damage.
The gnoll is almost dead.
The gnoll closely misses you.
You closely miss the gnoll.
The gnoll is almost dead.
The gnoll barely misses you.
You closely miss the gnoll.
The gnoll is almost dead.
The gnoll is no longer more vulnerable to fire.
The gnoll misses you.
You barely miss the gnoll.
The gnoll is almost dead.
The gnoll completely misses you.
You hit the gnoll.
You kill the gnoll!
Casting: Scorch (safe; 9% risk of failure)
Press: ? - help, Q - select action, (/) - cycle Dir - look around, f - activate You can't see that place. [a rock wall.] Flames lash the kobold.
You kill the kobold!
The gnoll closely misses you. The worm bites you!
Casting: Scorch (safe; 9% risk of failure)
Press: ? - help, Q - select action, (/) - cycle Dir - look around, f - activate Flames lash the gnoll.
The gnoll is heavily wounded.
The gnoll's fire resistance burns away.
You hear a shout! x2
The gnoll hits you from afar with a +0 halberd!
Ouch! That really hurt!
You die...

..####.# . #######.# ....##.#
g. #.# .##.##.# ... ####.#
.......# .... #....# .......#
..gw.#####.#### .##..#.#
ggKg...g##.# .....#.# #g##.#
..##.#.# #w##.# ..##.#.#
######@##.#
.......####.......#.#
.....###.....>.#..#.#####
#.##.###.......#........######
#..............#....##.......#
####.###............#.....##.#
####.#
#.......#..[##..)#.##.###
.....#
#...........##...#......#
.#####
#.......###.......###.#.#


You could see a worm and 2 gnolls.

Vanquished Creatures
  Robin (D:2)
  A gnoll (D:2)
  2 adders (D:2)
  2 dart slugs
  4 endoplasms
  A giant cockroach (D:1)
  14 goblins
  3 hobgoblins (D:2)
  4 kobolds (D:2)
  A quokka (D:1)
  3 ball pythons (D:1)
  6 bats
  2 frilled lizards
  A rat (D:1)
45 creatures vanquished.

Vanquished Creatures (others)
  2 foxfires (D:1)
2 creatures vanquished.

Grand Total: 47 creatures vanquished

Notes
Turn   | Place    | Note
-------+----------+-------------------------------------------
     0 | D:1      | FakeRyeBread the Gargoyle Fire Elementalist began the quest
                  | for the Orb.
     0 | D:1      | Reached XP level 1. HP: 10/10 MP: 3/3
   246 | D:1      | Reached skill level 2 in Conjurations
   246 | D:1      | Reached XP level 2. HP: 11/15 MP: 5/5
   855 | D:1      | Reached skill level 3 in Conjurations
  1038 | D:2      | Reached XP level 3. HP: 17/19 MP: 6/6
  1041 | D:2      | Learned a level 2 spell: Scorch
  1258 | D:2      | Noticed Robin
  1260 | D:2      | Reached skill level 4 in Conjurations
  1274 | D:2      | Reached XP level 4. HP: 16/24 MP: 2/7
  1301 | D:2      | Killed Robin
  1886 | D:2      | Slain by a gnoll

Illustrated notes

Levels and vault maps discovered:
D:1:      minmay_arrival_split_and_join, layout_basic
D:2:      layout_loops_cross, serial_bayou_pond_d, uniq_robin

Skill      XL: |  1  2  3 |
---------------+----------+-----
Conjurations   | 2 3 4 |  4.6
Dodging        | |  1.5
Stealth        | |  2.1
Spellcasting   | |  2.0
Fire Magic     | |  3.0

Action                     |  1- 3 |  4- 6 || total
---------------------------+-------+-------++-------
  Melee: Spear             |    47 |       ||    47
         Dagger            |    96 |    39 ||   135
   Cast: Foxfire           |     1 |       ||     1
         Scorch            |     9 |    11 ||    20
    Use: Potion            |     2 |     2 ||     4
   Stab: Sleeping          |     3 |       ||     3
 Armour: Robe              |    54 |    17 ||    71
         Skin              |       |     8 ||     8
  Dodge: Dodged            |    82 |    19 ||   101
